[Event "*** Titled Tuesday Blitz"]
[Site "Chess.com"]
[Date "2020.04.21"]
[Round "3"]
[White "Pomegranate988"]
[Black "Vesper2018"]
[Result "1-0"]
[WhiteElo "2485"]
[BlackElo "1979"]
[TimeControl "180+1"]
[EndTime "10:28:21 PDT"]
[Termination "Pomegranate988 won on time"]

1. d4 Nf6 2. c4 g6 3. Nc3 Bg7 4. e4 d6 5. Nf3 O-O 6. h3 e5 7. d5 Na6 8. g4 Ne8 9. Rg1 c6 10. h4 Nec7 11. h5 cxd5 12. cxd5 Bd7 13. a4 Rb8 14. Be3 b6 15. Bb5 Nb4 16. Bxd7 Qxd7 17. a5 bxa5 18. Rxa5 a6 19. Qe2 Nb5 20. Nxb5 Rxb5 21. Rxb5 axb5 22. Qd2 Na6 23. g5 Nc5 24. Qc2 Rc8 25. h6 Bf8 26. Nd2 Be7 27. Ke2 b4 28. Qc4 f6 29. gxf6 Bxf6 30. Qxb4 Qa7 31. Qb5 Rb8 32.
Bxc5 dxc5 33. Qc6 Qb6 34. Qxb6 Rxb6 35. Nc4 Rb4 36. Kd3 Rb3+ 37. Kc2 Rf3 38. Rg2 Kf7 39. Nd6+ Ke7 40. Nb7 c4 41. Na5 Bh4 42. Nxc4 Kf6 43. Ne3 Rf4 44. Kd3 g5 45. b4 Rf3 46. b5 Bxf2 47. Rxf2 1-0

[Event "*** Titled Tuesday Blitz"]
[Site "Chess.com"]
[Date "2020.04.21"]
[Round "3"]
[White "narutosmith"]
[Black "ehrenfeld"]
[Result "1-0"]
[WhiteElo "2263"]
[BlackElo "2459"]
[TimeControl "180+1"]
[EndTime "10:28:21 PDT"]
[Termination "narutosmith won on time"]

1. c4 e5 2. Nc3 Bb4 3. Nd5 a5 4. a3 Bc5 5. Nf3 d6 6. d4 exd4 7. Nxd4 Nc6 8. Nb5 Rb8 9. Ndxc7+ Kf8 10. e3 Nf6 11. Be2 Bf5 12. O-O Rc8 13. Nd5 Nxd5 14. Qxd5 Be6 15. Qd1 h5 16. e4 h4 17.
h3 Kg8 18. Bf4 Ne5 19. Rc1 Qf6 20. Qd2 Qg6 21. Kh1 Qxe4 22. Bxe5 dxe5 23. Bf3 Qf4 24. Qxa5 Bxh3 25. Qc3 e4 26. Bxe4 Qxe4 27. Qxh3 Rd8 28. Rcd1 1-0

[Event "*** Titled Tuesday Blitz"]
[Site "Chess.com"]
[Date "2020.04.21"]
[Round "3"]
[White "pawnwonder"]
[Black "XiaoKangZhong"]
[Result "1-0"]
[WhiteElo "2181"]
[BlackElo "2364"]
[TimeControl "180+1"]
[EndTime "10:28:21 PDT"]
[Termination "pawnwonder won by resignation"]

1. e4 c6 2. d4 d5 3. Nc3 dxe4 4. Nxe4 Nf6 5. Nxf6+ exf6 6. c3 Bd6 7. Bd3 O-O 8. Qc2 Re8+ 9. Ne2 h5 10. O-O Nd7 11. Bf4 Rxe2 12. Qxe2 Bxf4 13. Qe4 Bc7 14. Qh7+ Kf8 15.
Rfe1 Ne5 16. dxe5 Bxe5 17. f4 g6 18. Qh8+ Ke7 19. Qxd8+ Kxd8 20. fxe5 fxe5 21. Rxe5 Be6 22. Bxg6 Ke7 23. Bxf7 Kf6 24. Rxe6+ Kxf7 25. Rh6 Rd8 26. Rf1+ Kg7 27. Rxh5 Rd2 28. Rhf5 Rxb2 29. R5f2 Rb5 30. h4 Kg6 31. Kh2 a5 32. Kh3 a4 33. Rf6+ Kg7 34. Rf7+ Kg8 35. R7f5 Rb2 36. R1f2 Rb1 37. Rg5+ Kh7 38.
Rf7+ Kh6 39. Kg4 c5 40. Rxc5 a3 41. Rcf5 Rb6 42. R5f6+ Rxf6 43. Rxf6+ Kg7 44. Rb6 Kh7 45. Rxb7+ Kh6 46. Rb3 Kg6 47. Rxa3 Kh7 48. Ra5 Kg7 49.
Rg5+ Kh7 50. c4 Kh6 51. c5 Kh7 52. c6 Kh6 53. c7 Kh7 54. c8=Q Kh6 55. a4 1-0

[Event "*** Titled Tuesday Blitz"]
[Site "Chess.com"]
[Date "2020.04.21"]
[Round "3"]
[White "Forantes"]
[Black "praveenb2002"]
[Result "0-1"]
[WhiteElo "2443"]
[BlackElo "2721"]
[TimeControl "180+1"]
[EndTime "10:28:22 PDT"]
[Termination "praveenb2002 won by resignation"]

1. Nf3 d5 2. g3 Bg4 3. Bg2 Nd7 4. d4 Ngf6 5. O-O e6 6. c4 c6 7. Nc3 dxc4 8. a4 a5 9. h3 Bh5 10. Bg5 Be7 11. b3 cxb3 12. Qxb3 Ra7 13. Rab1 O-O 14.
Rfd1 Nd5 15. Bxe7 Qxe7 16. e4 Nb4 17. g4 Bg6 18. Nd2 e5 19. d5 Nf6 20. g5 Nh5 21. h4 Nf4 22. Nc4 cxd5 23. Nxd5 Nfxd5 24. exd5 Bxb1 25. Qxb1 Qc7 26. Qe4 Qd7 27. Nxe5 Qxa4 28. d6 Qxd1+ 29. Kh2 Qxd6 30. f4 Nc6 31. Ng4 Raa8 32. h5 Rae8 33. Qc4 Qe6 34. Nh6+ gxh6 0-1

[Event "*** Titled Tuesday Blitz"]
[Site "Chess.com"]
[Date "2020.04.21"]
[Round "3"]
[White "BogdanDeac"]
[Black "CalinGheorghiu"]
[Result "1-0"]
[WhiteElo "2918"]
[BlackElo "2473"]
[TimeControl "180+1"]
[EndTime "10:28:22 PDT"]
[Termination "BogdanDeac won by resignation"]

1. Nf3 d5 2. d4 Nf6 3. c4 e6 4.
Bg5 Be7 5. Nc3 O-O 6. Qc2 c6 7. e3 Nbd7 8. Rd1 Re8 9. Bd3 Nf8 10. Ne5 Qc7 11. f4 dxc4 12. Bxc4 b5 13. Bd3 Bb7 14. Nxb5 Qa5+ 15. Nc3 c5 16. O-O cxd4 17. exd4 Red8 18.
Bxf6 Bxf6 19. Be4 Qc7 20. Qf2 Rac8 21. d5 exd5 22. Nxd5 Bxd5 23. Bxd5 Bxe5 24. fxe5 Ne6 25. h3 Rf8 26. Qe3 Qc5 27. Qf2 Qxf2+ 28. Rxf2 Rc5 29.
Rdd2 Nc7 30. Bb3 Rxe5 31. Rd7 Ne6 32. Rxa7 Re1+ 33. Kh2 g6 34. Bc4 Rc1 35. b3 Ng5 36. h4 Ne6 37. Rfxf7 Rxf7 38. Bxe6 Rf1 39. a4 1-0

[Event "*** Titled Tuesday Blitz"]
[Site "Chess.com"]
[Date "2020.04.21"]
[Round "3"]
[White "DenishevM"]
[Black "Crazy_girl99"]
[Result "1-0"]
[WhiteElo "2644"]
[BlackElo "2414"]
[TimeControl "180+1"]
[EndTime "10:28:22 PDT"]
[Termination "DenishevM won by resignation"]

1. d4 d5 2. c4 c6 3. Nf3 Nf6 4. e3 g6 5. Nc3 Bg7 6. Be2 O-O 7. O-O Ne4 8. Nxe4 dxe4 9. Nd2 e5 10. dxe5 Bxe5 11. Nxe4 Bxh2+ 12. Kxh2 Qh4+ 13. Kg1 Qxe4 14. Qd4 Bf5 15. b3 Nd7 16. Bb2 Qxd4 17. Bxd4 Rfe8 18. Rad1 Rad8 19. Bf3 f6 20. a3 Kf7 21. b4 a6 22. Rc1 Be4 23. Be2 h5 24. Rfd1 h4 25. Bb2 Rh8 26. f3 Bf5 27. Rd6 Ne5 28. Rcd1 Rxd6 29. Rxd6 Ke7 30. c5 Be6 31. f4 Nd7 32. e4 Rf8 33. Kf2 f5 34. e5 Rg8 35. Rxe6+ Kxe6 36.
Bc4+ 1-0

[Event "*** Titled Tuesday Blitz"]
[Site "Chess.com"]
[Date "2020.04.21"]
[Round "3"]
[White "Boorchess"]
[Black "Eliwood44"]
[Result "1/2-1/2"]
[WhiteElo "2558"]
[BlackElo "2326"]
[TimeControl "180+1"]
[EndTime "10:28:22 PDT"]
[Termination "Game drawn by repetition"]

1. d4 Nf6 2. c4 e6 3. a3 d5 4. e3 Be7 5. Nc3 O-O 6. Nf3 c5 7. Bd3 dxc4 8. Bxc4 cxd4 9. exd4 b6 10. O-O Bb7 11.
Re1 Nbd7 12. Qe2 Rc8 13. Ba2 Qc7 14. Bg5 Rfe8 15. Rad1 h6 16. Bh4 Qb8 17. Bg3 Qa8 18. Ne5 Nxe5 19. dxe5 Nh7 20. f3 Nf8 21. Ne4 Bxe4 22.
Qxe4 Qxe4 23. Rxe4 Rc2 24. Rb1 Rec8 25. Bb3 Rc1+ 26.
Re1 Rxe1+ 27. Rxe1 Rd8 28. Rd1 Bc5+ 29. Kf1 Rd4 30.
Ke2 Ng6 31. Bc2 Rxd1 32. Kxd1 Ne7 33. Be4 Bd4 34. b3 Nd5 35. Bxd5 exd5 36. Ke2 Kf8 37. Kd3 Bg1 38. h3 Ke7 39. Be1 g5 40. g3 Ke6 41. f4 gxf4 42. gxf4 Kf5 43. Bd2 h5 44. a4 Bc5 45. Bc1 Bg1 46. Bd2 Bc5 47. Bc1 Bg1 48. Bd2 1/2-1/2

[Event "*** Titled Tuesday Blitz"]
[Site "Chess.com"]
[Date "2020.04.21"]
[Round "3"]
[White "Shukh_Nikolay"]
[Black "Sjakkerntobi"]
[Result "1/2-1/2"]
[WhiteElo "2444"]
[BlackElo "2227"]
[TimeControl "180+1"]
[EndTime "10:28:22 PDT"]
[Termination "Game drawn by repetition"]

1. e4 e6 2. d4 d5 3. Nc3 Bb4 4. Bd3 c5 5. a3 Bxc3+ 6. bxc3 Ne7 7. Nf3 Nbc6 8. O-O O-O 9. Re1 h6 10. Bf4 b6 11. h4 a5 12. h5 Ba6 13. a4 Bxd3 14. Qxd3 dxe4 15. Qxe4 cxd4 16. cxd4 Rc8 17. c4 Nb4 18. Rec1 Re8 19. Ne5 Nf5 20. Be3 f6 21.
Nd3 Nxd3 22. Qxd3 Qd7 23. d5 Nxe3 24. fxe3 exd5 25. cxd5 Rxc1+ 26. Rxc1 Qxa4 27. d6 Rd8 28. Qg6 Qa3 29. Rc7 Qxe3+ 30. Kh2 Qe5+ 31. Kh3 Qe6+ 32. g4 Qe3+ 33. Kg2 Qe2+ 34. Kg3 Qe3+ 35. Kg2 Qe2+ 36. Kg3 Qe3+ 37. Kg2 1/2-1/2

[Event "*** Titled Tuesday Blitz"]
[Site "Chess.com"]
[Date "2020.04.21"]
[Round "3"]
[White "szefru"]
[Black "matiss90"]
[Result "0-1"]
[WhiteElo "2129"]
[BlackElo "2500"]
[TimeControl "180+1"]
[EndTime "10:28:24 PDT"]
[Termination "matiss90 won by resignation"]

1. e4 c5 2. Nf3 d6 3. d4 cxd4 4.
Qxd4 Nc6 5. Bb5 Bd7 6. Qd3 h6 7. c4 Nf6 8. Nc3 g6 9. O-O Bg7 10. h3 O-O 11. Be3 Rc8 12. Rab1 a6 13. Bxc6 Bxc6 14.
b4 b5 15. cxb5 axb5 16. Nd4 Nd7 17. Nxc6 Rxc6 18. Nxb5 Ne5 19. Qe2 Nc4 20. Bd4 e5 21. Ba1 d5 22. exd5 Qxd5 23. Nc3 Qe6 24. b5 Rcc8 25. a4 f5 26. Rfc1 e4 27. Qa2 e3 28.
f3 Kh7 29. Ne2 Bxa1 30. Rxa1 Rfd8 31. Qb3 Rd2 32. Re1 Qe5 33. a5 Rxe2 34. a6 Rb2 35. Qa4 Qg3 0-1

[Event "*** Titled Tuesday Blitz"]
[Site "Chess.com"]
[Date "2020.04.21"]
[Round "3"]
[White "Atanejhad"]
[Black "BrizuelaReivis"]
[Result "1-0"]
[WhiteElo "2530"]
[BlackElo "2262"]
[TimeControl "180+1"]
[EndTime "10:28:24 PDT"]
[Termination "Atanejhad won by resignation"]

1. e4 e6 2. d4 d5 3. Nd2 Nf6 4. e5 Nfd7 5. f4 c5 6. c3 Nc6 7. Ngf3 Be7 8. Bd3 f6 9. exf6 Bxf6 10. dxc5 Nxc5 11. Bc2 Qb6 12. Qe2 O-O 13. Nb3 e5 14.
fxe5 Nxe5 15. Nxe5 Bxe5 16. Be3 d4 17. cxd4 Nxb3 18. Bxb3+ Be6 19. dxe5 Qa5+ 20. Bd2 Qb6 21. Bxe6+ Qxe6 22. Bc3 Rac8 23. a3 Rf5 24. O-O-O Rxe5 25. Rd8+ Kf7 26. Qf3+ Ke7 27. Rxc8 Qxc8 28. Rf1 1-0

[Event "*** Titled Tuesday Blitz"]
[Site "Chess.com"]
[Date "2020.04.21"]
[Round "3"]
[White "BlueWizzard"]
[Black "bazar-wokzal"]
[Result "1-0"]
[WhiteElo "2753"]
[BlackElo "2524"]
[TimeControl "180+1"]
[EndTime "10:28:25 PDT"]
[Termination "BlueWizzard won on time"]

1. d4 Nf6 2. Nc3 d5 3. Bf4 c6 4.
e3 Bg4 5. f3 Bh5 6. Bd3 e6 7.
Nge2 Nbd7 8. O-O Be7 9. Qe1 b5 10.
e4 b4 11. Na4 dxe4 12. fxe4 Qa5 13. b3 Bxe2 14. Bxe2 Nxe4 15. Bf3 Nef6 16. Qg3 Nh5 17.
Bxh5 Qxh5 18. Bd6 Bf6 19. Rad1 a5 20. Qf4 Qd5 21. Nc5 Ra7 22. Ne4 Qf5 23. Qe3 Qd5 24. Kh1 h5 25. c4 bxc3 26. Bc5 Rc7 27. Nxc3 Qg5 28. Qf3 1-0

[Event "*** Titled Tuesday Blitz"]
[Site "Chess.com"]
[Date "2020.04.21"]
[Round "3"]
[White "Fh2411"]
[Black "mitraasz"]
[Result "1-0"]
[WhiteElo "2440"]
[BlackElo "2206"]
[TimeControl "180+1"]
[EndTime "10:28:25 PDT"]
[Termination "Fh2411 won by resignation"]

1. d4 Nf6 2. Nf3 g6 3. g3 Bg7 4.
Bg2 O-O 5. O-O d6 6. c4 Nbd7 7. Nc3 e5 8. e4 exd4 9. Nxd4 Re8 10. Re1 a5 11. h3 Nc5 12. Bf4 Bd7 13. Qd2 Nh5 14.
Bg5 Bf6 15. Bh6 c6 16. Kh2 Qb6 17. Rad1 Rad8 18. Nf3 Bc8 19. Bg5 Bxg5 20. Nxg5 Nf6 21. Qf4 Kg7 22. Re2 h6 23. Nxf7 Kxf7 24. Rxd6 Rxd6 25. Qxd6 Ne6 26. e5 Nd7 27. Qd2 Kg7 28. f4 Qd4 29. Qe1 Ndc5 30. b3 Nd3 31. Qd2 Nb4 32. Ne4 Qxd2 33. Rxd2 Rd8 34. Nd6 Bd7 35.
Nxb7 Rf8 36. Rxd7+ Rf7 37. Rxf7+ Kxf7 38. Nxa5 Nd4 39.
a3 Nbc2 40. Nxc6 Nxc6 41. Bxc6 Nxa3 42. b4 Nxc4 43. Bd5+ 1-0

[Event "*** Titled Tuesday Blitz"]
[Site "Chess.com"]
[Date "2020.04.21"]
[Round "3"]
[White "jaskol95"]
[Black "turayev_shahruh17"]
[Result "1-0"]
[WhiteElo "2377"]
[BlackElo "2568"]
[TimeControl "180+1"]
[EndTime "10:28:26 PDT"]
[Termination "jaskol95 won by resignation"]

1. d4 d5 2. Bf4 Nf6 3. e3 c5 4. c3 Nc6 5. Nd2 Bg4 6. Qa4 e6 7. Ngf3 Bd6 8. Ba6 Bxf4 9. Bxb7 O-O 10. Bxc6 Rc8 11. exf4 Qb6 12. Bb5 c4 13. Qa6 Qb8 14. Ne5 Bf5 15. O-O Rc7 16. Rfc1 Rb7 17. a4 Rb6 18. Qa5 a6 19. Nc6 Qc7 20. Ne7+ Kh8 21. Nxf5 exf5 22. Bxc4 dxc4 23. Nxc4 Rc6 24. Qxc7 Rxc7 25.
Ne5 Rb8 26. b4 Nd5 27. c4 Nxf4 28. Kf1 Rxb4 29. d5 f6 30. d6 Rc5 31. d7 Ne6 32. Nf7+ Kg8 33. d8=Q+ Nxd8 34. Nxd8 Rb6 35. Rab1 Rb2 36.
Rxb2 h5 37. Rb8 Kh7 38. Ne6 Rc6 39. Nd4 Rd6 40. Nxf5 Rd2 41. c5 Kg6 42. Ne3 Ra2 43. c6 Rxa4 44. c7 1-0

[Event "*** Titled Tuesday Blitz"]
[Site "Chess.com"]
[Date "2020.04.21"]
[Round "3"]
[White "JiaHaoxiang"]
[Black "Falia-p"]
[Result "1-0"]
[WhiteElo "2563"]
[BlackElo "2310"]
[TimeControl "180+1"]
[EndTime "10:28:26 PDT"]
[Termination "JiaHaoxiang won by resignation"]

1. Nf3 d5 2. d4 Nf6 3. c4 e6 4.
g3 dxc4 5. Bg2 a6 6. Qc2 Be7 7. a4 O-O 8. O-O c5 9. Qxc4 cxd4 10. Nxd4 Nbd7 11. Rd1 Qb6 12. a5 Qc5 13. Qa4 Qb4 14. Qc2 Qc5 15. Nc3 Rb8 16. Bf4 e5 17. Nb3 Qc7 18. Be3 b5 19. Rac1 Bb7 20. Qf5 Bxg2 21. Nd5 Qd8 22. Nxf6+ Bxf6 23. Rxd7 Be4 24. Qg4 Qe8 25.
Rcc7 Bg6 26. Bc5 h5 27. Qb4 Bf5 28. Rd1 Bg4 29. Bxf8 Qxf8 30. Qxf8+ Rxf8 31. Rd6 Bxe2 32. Nc5 Bd8 33. Rc8 Bxa5 34. Rxf8+ Kxf8 35. Rxa6 Bb4 36. Nd7+ Ke7 37. Nxe5 Bc5 38. b4 Bd4 39. Nc6+ Kd6 40. Nxd4+ Kd5 41. Nxe2 Kc4 42. Nf4 Kxb4 43. Nxh5 Kc3 44.
Nxg7 b4 45. Rb6 b3 46. h4 b2 47. h5 b1=Q+ 48. Rxb1 1-0

[Event "*** Titled Tuesday Blitz"]
[Site "Chess.com"]
[Date "2020.04.21"]
[Round "3"]
[White "Ladislav1969"]
[Black "Arek_pacitan"]
[Result "0-1"]
[WhiteElo "2292"]
[BlackElo "2557"]
[TimeControl "180+1"]
[EndTime "10:28:26 PDT"]
[Termination "Arek_pacitan won by resignation"]

1. e4 c5 2. d4 cxd4 3. c3 Nf6 4. e5 Nd5 5. Nf3 e6 6. cxd4 Nc6 7. Nc3 d6 8. exd6 Bxd6 9. Nxd5 exd5 10.
h3 O-O 11. Bd3 Re8+ 12. Be3 Bb4+ 13. Kf1 h6 14. g3 a6 15. Kg2 Bd6 16. a3 Be6 17.
Bc2 Ne7 18. Qd3 Bf5 19. Qd2 Rc8 20. Bd3 Be4 21. Rac1 Nf5 22. Rhe1 Rxc1 23. Rxc1 Qd7 24. Bxe4 dxe4 25. Ne1 Qe6 26. Rc3 Qf6 27. Nc2 Rd8 28.
Rb3 b5 29. a4 bxa4 30. Rb6 Ne7 31. Rxa6 Qf3+ 32. Kh2 Nf5 33. Ne1 Bxg3+ 34. Kg1 Bxf2+ 35. Qxf2 Qxe3 36. Rxa4 Qxh3 37. Ra3 e3 38. Qg2 Qh4 39. Nf3 Qf4 40. Ra7 Rc8 0-1

[Event "*** Titled Tuesday Blitz"]
[Site "Chess.com"]
[Date "2020.04.21"]
[Round "3"]
[White "UmutErdemGunduz"]
[Black "HarryCun"]
[Result "1-0"]
[WhiteElo "2366"]
[BlackElo "2151"]
[TimeControl "180+1"]
[EndTime "10:28:26 PDT"]
[Termination "UmutErdemGunduz won on time"]

1. e4 c6 2. d4 d5 3. Nc3 dxe4 4. Nxe4 Bf5 5. Ng3 Bg6 6. h4 h6 7. Nf3 Nd7 8. h5 Bh7 9. Bd3 Bxd3 10. Qxd3 Ngf6 11.
Bd2 e6 12. O-O-O Be7 13. Qe2 O-O 14. Nf1 c5 15. g4 Nh7 16. dxc5 Nxc5 17. Kb1 Qb6 18.
Ne3 Rac8 19. c4 Bf6 20. Bc1 Na4 21. Ka1 Rc5 22. g5 hxg5 23. Ng4 Bxb2+ 24. Bxb2 Nxb2 25. Qxb2 Rxc4 26. Qxb6 axb6 27. Nge5 Ra4 28. Rd2 Nf6 29. Nxg5 Nd5 30. h6 gxh6 31. Rxh6 Rc8 32. Ngxf7 Rc1+ 33. Kb2 Rac4 34. Nxc4 1-0

[Event "*** Titled Tuesday Blitz"]
[Site "Chess.com"]
[Date "2020.04.21"]
[Round "3"]
[White "TheSodabread"]
[Black "MichailovM"]
[Result "0-1"]
[WhiteElo "1875"]
[BlackElo "2304"]
[TimeControl "180+1"]
[EndTime "10:28:26 PDT"]
[Termination "MichailovM won on time"]

1. d4 Nf6 2. Nc3 d5 3. Bf4 c6 4.
e3 Bf5 5. f3 h5 6. Bd3 Bxd3 7.
Qxd3 e6 8. Nge2 Na6 9. a3 Be7 10.
O-O b5 11. b4 O-O 12. e4 Nc7 13. e5 Nd7 14. Na2 a5 15. c3 axb4 16. Nxb4 Bxb4 17.
axb4 Nb6 18. Ng3 h4 19. Nh5 Nc4 20. g4 hxg3 21. hxg3 Qe7 22. Kg2 Rxa1 23. Rxa1 Ra8 24. Rh1 Ra2+ 25. Kh3 Ne8 26. Kg4 f5+ 27. exf6 Nxf6+ 28. Nxf6+ Qxf6 29. Qh7+ Kf7 30. Bg5 Qg6 31. Qh8 Ne3+ 0-1

[Event "*** Titled Tuesday Blitz"]
[Site "Chess.com"]
[Date "2020.04.21"]
[Round "3"]
[White "hitaman"]
[Black "MasterKroket"]
[Result "1-0"]
[WhiteElo "2691"]
[BlackElo "2430"]
[TimeControl "180+1"]
[EndTime "10:28:27 PDT"]
[Termination "hitaman won on time"]

1. e4 c5 2. Nf3 e6 3. d4 cxd4 4. Nxd4 Nc6 5. c4 Nf6 6. Nc3 Bb4 7.
Nxc6 bxc6 8. Bd3 d6 9. Qa4 Bxc3+ 10. bxc3 Bd7 11. c5 d5 12. e5 Ng8 13. Qg4 Ne7 14.
Qxg7 Rg8 15. Qxh7 Rxg2 16. Qh3 Rg8 17. Bh7 Rh8 18. Bg5 Qa5 19. O-O Ng8 20. Qd3 Bc8 21.
Rfb1 Ba6 22. Qc2 Qxc5 23. Rb4 Kd7 24. Rab1 Kc7 25. Qa4 Bb5 26. Rxb5 cxb5 27. Rxb5 Qc6 28. Qa5+ Kd7 29. Bd3 Ne7 30. Rc5 Qb6 31. Qa4+ Kd8 32.
Rc6 Qb7 33. Qa5+ Ke8 34. Rc7 Qb6 35. Rxe7+ Kf8 36. Qa3 Kg8 37. Qc1 Rh3 38. Qf4 Rxd3 39. Qxf7+ 1-0

[Event "*** Titled Tuesday Blitz"]
[Site "Chess.com"]
[Date "2020.04.21"]
[Round "3"]
[White "canhhuan"]
[Black "Blitzking642"]
[Result "1-0"]
[WhiteElo "2653"]
[BlackElo "2418"]
[TimeControl "180+1"]
[EndTime "10:28:27 PDT"]
[Termination "canhhuan won by resignation"]

1. e4 c5 2. Nc3 g6 3. g3 Bg7 4. Bg2 Nc6 5. d3 d6 6. Be3 Nd4 7. Qd2 Qa5 8. f4 e6 9. Nf3 Ne7 10. O-O O-O 11. a3 f5 12. Rab1 Re8 13. b4 Nxf3+ 14.
Bxf3 cxb4 15. axb4 Qc7 16. Nb5 Qb8 17. c4 Bd7 18.
Nc3 Qc7 19. Rfc1 Rec8 20. Bf2 Qd8 21. Bg2 Nc6 22. d4 Ne7 23. c5 dxc5 24. bxc5 fxe4 25.
Rxb7 Bc6 26. Rb4 Nd5 27. Nxd5 exd5 28. Rcb1 Rcb8 29. Be3 Rxb4 30. Qxb4 Qc7 31. Bh3 Kf7 32. f5 Bf6 33. fxg6+ hxg6 34. Rf1 Kg7 35. Qd2 Rf8 36. Bh6+ 1-0

[Event "*** Titled Tuesday Blitz"]
[Site "Chess.com"]
[Date "2020.04.21"]
[Round "3"]
[White "Noam_Vitenberg"]
[Black "avocadosheena"]
[Result "1-0"]
[WhiteElo "2502"]
[BlackElo "2133"]
[TimeControl "180+1"]
[EndTime "10:28:27 PDT"]
[Termination "Noam_Vitenberg won on time"]

1. d4 d5 2. c4 c6 3. cxd5 cxd5 4. Nc3 Nf6 5. Bf4 Nc6 6. e3 a6 7.
Bd3 Bg4 8. Qb3 Na5 9. Qa4+ Bd7 10. Qc2 e6 11. Nf3 Be7 12. O-O h6 13. h3 O-O 14. Rac1 Nc6 15. Qe2 Rc8 16. a3 Na5 17. Ne5 b5 18. Rc2 Nc4 19. a4 bxa4 20. Nxc4 dxc4 21. Bxc4 Qb6 22. Bxa6 Ra8 23. Bd3 Rfc8 24. Rfc1 a3 25. bxa3 Bxa3 26. Rb1 Qd8 27. Nb5 Bxb5 28. Rxb5 Bd6 29. Bxd6 Qxd6 30. Rb1 Qd7 31. Rbc1 Rxc2 32. Qxc2 Nd5 33. Be4 Rd8 34. Qc6 1-0

[Event "*** Titled Tuesday Blitz"]
[Site "Chess.com"]
[Date "2020.04.21"]
[Round "3"]
[White "Galileo22"]
[Black "CraiggoryC"]
[Result "1-0"]
[WhiteElo "2327"]
[BlackElo "2062"]
[TimeControl "180+1"]
[EndTime "10:28:27 PDT"]
[Termination "Galileo22 won on time"]

1. Nf3 Nf6 2. g3 d5 3. Bg2 c6 4. O-O g6 5. d3 Bg7 6. Nbd2 O-O 7. e4 Bg4 8. h3 Bxf3 9. Qxf3 dxe4 10. dxe4 e5 11. a4 a5 12. Nc4 Qc7 13. b3 Nbd7 14. Ba3 Rfe8 15. Rad1 Bf8 16. Bb2 Rad8 17. Qe2 Bc5 18.
Kh1 b5 19. axb5 cxb5 20. Nd2 Qb6 21. f4 Bd4 22. c3 Be3 23. f5 Bxd2 24. Rxd2 Nc5 25.
Rxd8 Rxd8 26. Bc1 Nxb3 27. Bg5 Kg7 28. fxg6 Rd6 29. gxf7 Kxf7 30. Qh5+ Kg7 31. Bh6+ 1-0

[Event "*** Titled Tuesday Blitz"]
[Site "Chess.com"]
[Date "2020.04.21"]
[Round "3"]
[White "ADODOVE"]
[Black "AlexOstrovskiy"]
[Result "0-1"]
[WhiteElo "1906"]
[BlackElo "2482"]
[TimeControl "180+1"]
[EndTime "10:28:28 PDT"]
[Termination "AlexOstrovskiy won on time"]

1. e4 c6 2. c4 d5 3. exd5 cxd5 4. cxd5 Nf6 5. Nc3 Nxd5 6. Nf3 Nxc3 7. bxc3 g6 8. h4 Bg7 9. h5 Bg4 10. h6 Bf6 11.
Qa4+ Qd7 12. Bb5 Nc6 13. O-O O-O 14. Nd4 Bxd4 15. cxd4 a6 16. Bxc6 Qxc6 17. Qa5 Rfd8 18. d5 Rxd5 19. Qb4 Qd7 20. Bb2 f6 21. Rfe1 Re8 22.
Rac1 Rb5 23. Qc3 Be6 24. d3 Rd5 25. Rcd1 Rh5 26. Rd2 Qd6 0-1

[Event "*** Titled Tuesday Blitz"]
[Site "Chess.com"]
[Date "2020.04.21"]
[Round "3"]
[White "SmirnovAlexandrA"]
[Black "D0wnpour"]
[Result "0-1"]
[WhiteElo "2381"]
[BlackElo "2604"]
[TimeControl "180+1"]
[EndTime "10:28:30 PDT"]
[Termination "D0wnpour won by resignation"]

1. e4 c5 2. Nf3 e6 3. d4 cxd4 4. Nxd4 a6 5. Nc3 Qc7 6. g3 Bb4 7. Ne2 Nf6 8. Bg2 O-O 9. O-O Be7 10. Nd4 d6 11. Re1 Nc6 12. Nxc6 bxc6 13. e5 dxe5 14. Na4 Nd7 15. c4 Nc5 16. Nc3 Bb7 17. b4 Rfd8 18. Qc2 Nd3 19. Re3 Nxc1 20. Rxc1 Bg5 21. c5 Bxe3 22.
fxe3 f5 23. Na4 e4 24. Nb6 Rab8 25. Nc4 Rd5 26. Nd6 Rd8 27. Bf1 R8xd6 28. cxd6 Qxd6 29.
Bc4 Rd2 30. Bxe6+ Kf8 31. Qc5 Qxc5 32. Rxc5 g6 33. Rc3 Ke7 34. Bg8 h6 35. h4 g5 36.
hxg5 hxg5 37. a3 Kd6 38. Bh7 Bc8 39. Bg8 Rd3 40. Rxd3+ exd3 41. Kf2 Be6 42. Bxe6 Kxe6 43. Ke1 Ke5 44. Kd2 Ke4 45. a4 g4 46. a5 Kf3 47.
Kxd3 Kxg3 48. Kd4 Kf3 49. Ke5 g3 50. b5 g2 51. bxc6 g1=Q 52. c7 Qg3+ 0-1

[Event "*** Titled Tuesday Blitz"]
[Site "Chess.com"]
[Date "2020.04.21"]
[Round "3"]
[White "smshk35"]
[Black "MaxVavulin"]
[Result "0-1"]
[WhiteElo "2345"]
[BlackElo "2578"]
[TimeControl "180+1"]
[EndTime "10:28:30 PDT"]
[Termination "MaxVavulin won by resignation"]

1. e4 e5 2. Nf3 Nc6 3. d4 exd4 4. Nxd4 Nf6 5. Nxc6 bxc6 6. e5 Qe7 7. Qe2 Nd5 8. c4 Ba6 9. b3 g6 10. Ba3 Nb4 11.
Bb2 Bg7 12. a3 Nd5 13. Nd2 d6 14. O-O-O O-O 15. exd6 Bxb2+ 16. Kxb2 Qf6+ 17. Kc1 Qa1+ 18. Nb1 Nc3 19. Qc2 Nxd1 20. Qxd1 cxd6 21. h4 Rab8 22. h5 d5 23. hxg6 fxg6 24. cxd5 Bxf1 25. Rxf1 cxd5 26. Qxd5+ Kh8 27. Qg5 Rbc8+ 28. Kd2 Qb2+ 29. Ke3 Qxb3+ 30. Ke4 Qc4+ 31. Ke5 0-1

[Event "*** Titled Tuesday Blitz"]
[Site "Chess.com"]
[Date "2020.04.21"]
[Round "3"]
[White "ChelsieMonica"]
[Black "MisiekZielony"]
[Result "1-0"]
[WhiteElo "2311"]
[BlackElo "2037"]
[TimeControl "180+1"]
[EndTime "10:28:30 PDT"]
[Termination "ChelsieMonica won on time"]

1. c4 c6 2. Nc3 d5 3. cxd5 cxd5 4. e3 Nf6 5. Nf3 Nc6 6. Be2 e6 7. O-O Bd6 8. b3 O-O 9. Bb2 b6 10. Rc1 Bb7 11. Nb5 Be7 12. Ne5 Nxe5 13. Bxe5 a6 14. Bc7 Qd7 15. Nd4 Bc5 16. Be5 Ne8 17. Bg4 Bd6 18. f4 f5 19. Bf3 Nf6 20. Bxd6 Qxd6 21. Qe2 Rfc8 22. g4 g6 23. gxf5 gxf5 24. Kf2 Kh8 25.
Rg1 Rg8 26. Rg3 Rxg3 27. hxg3 Rg8 28. Rh1 Rg6 29. Qf1 Qe7 30. Qh3 Qf7 31. Qh4 Qd7 32. d3 Qd6 33. Be2 Qe7 34. Kf1 Qd6 35. Nf3 d4 36. Ne5 Bxh1 37. Nf7+ 1-0

[Event "*** Titled Tuesday Blitz"]
[Site "Chess.com"]
[Date "2020.04.21"]
[Round "3"]
[White "KrolPawel92OnTwitch"]
[Black "HansCoolNiemann"]
[Result "1-0"]
[WhiteElo "2697"]
[BlackElo "2945"]
[TimeControl "180+1"]
[EndTime "10:28:32 PDT"]
[Termination "KrolPawel92OnTwitch won by resignation"]

1. e4 c5 2. Nf3 Nc6 3. g3 g6 4. Bg2 Bg7 5. O-O e6 6. c3 Nge7 7. d4 cxd4 8. cxd4 d5 9. e5 O-O 10. Nc3 b6 11. h4 Ba6 12. Re1 h6 13. Nh2 Nf5 14. Be3 Nxe3 15. fxe3 f5 16. Qa4 Qc8 17. Nxd5 b5 18. Qc2 Bb7 19. Qxc6 Bxc6 20. Ne7+ Kf7 21. Nxc8 Rfxc8 22. Rac1 Bxg2 23. Kxg2 Bf8 24. Nf3 Bb4 25. Red1 Be7 26. Kf2 g5 27. Ke2 gxh4 28.
gxh4 Rg8 29. Rg1 Rg4 30. Rcf1 Rag8 31. Ng5+ Ke8 32. Rxg4 fxg4 33. Nxe6 Bxh4 34. d5 Ke7 35. Nd4 Bg5 36. d6+ Ke8 37. e6 g3 38. Nc6 Rg7 39.
d7+ Rxd7 40. exd7+ Kxd7 41. Ne5+ Ke6 42. Nf3 Be7 43. Rh1 Bf8 44. Rh3 1-0

[Event "*** Titled Tuesday Blitz"]
[Site "Chess.com"]
[Date "2020.04.21"]
[Round "3"]
[White "Piotrek1979"]
[Black "norwaytoadog"]
[Result "1-0"]
[WhiteElo "2439"]
[BlackElo "2207"]
[TimeControl "180+1"]
[EndTime "10:28:32 PDT"]
[Termination "Piotrek1979 won on time"]

1. Nf3 Nf6 2. g3 e6 3. Bg2 d5 4. O-O b5 5. a4 b4 6. d3 a5 7. e4 Bb7 8. Re1 Be7 9. Nbd2 O-O 10. e5 Nfd7 11. h4 c5 12. Nf1 Nc6 13. Bf4 d4 14. N1h2 Nb6 15. Ng4 Nd5 16. Bg5 h5 17. Nh6+ Kh7 18.
Bxe7 Qxe7 19. Nxf7 Rxf7 20. Ng5+ Kg8 21. Qxh5 g6 22.
Qxg6+ Rg7 23. Qxe6+ Qxe6 24. Nxe6 Nce7 25. Nxg7 Kxg7 26. Re4 Rf8 27. Rae1 Bc8 28. e6 b3 29. Rg4+ Kf6 30. Rg5 Nb4 31. cxb3 Nxd3 32. Re4 Bxe6 33. Bf1 c4 34. bxc4 Bxc4 35. Bxd3 Bxd3 36. Rf4+ Ke6 37. Rxf8 Bf5 38. Rgxf5 Nxf5 39. Rxf5 Kxf5 40. Kf1 Ke4 41. Ke1 d3 42. Kd2 Kd4 43. b3 Ke4 44. h5 1-0